 Dungeon Crawl Stone Soup version 0.29.1-1-gd02db6906a (webtiles) character file.

Game seed: 8738660015792705487

2860 mtoz the Grappler (level 9, -2/68 HPs)
             Began as a Gnoll Wanderer on Sept 24, 2022.
             Was an Initiate of Gozag.
             Slain by Duvessa
             ... wielding a +0 rapier
              (9 damage)
             ... on level 7 of the Dungeon.
             The game lasted 00:42:50 (6845 turns).

mtoz the Grappler (Gnoll Wanderer)                  Turns: 6845, Time: 00:42:50

Health: -2/68      AC: 16    Str: 14    XL:     9   Next: 75%
Magic:  16/16      EV:  5    Int: 18    God:    Gozag
Gold:   390        SH:  0    Dex: 13    Spells: 17/17 levels left

rFire   . . .      SeeInvis .   w - +3 dagger (venom)
rCold   + . .      Faith    .   (no shield)
rNeg    . . .      Spirit   .   x - +0 plate armour
rPois   .          Reflect  .   z - +0 helmet
rElec   .          Harm     .   N - +0 cloak {Will+}
rCorr   .          Rampage  .   l - +0 pair of gloves
Will    +....                   E - +0 pair of boots
Stlth   ..........              A - amulet of regeneration
HPRegen 1.01/turn               D - ring of protection from cold
MPRegen 0.15/turn               r - +6 ring of intelligence

@: no status effects
A: fangs 1, strong nose, distributed training
a: Renounce Religion, Potion Petition, Call Merchant, Bribe Branch


You were on level 7 of the Dungeon.
You worshipped Gozag.
Gozag was aware of your devotion.
You visited 1 branch of the dungeon, and saw 7 of its levels.

You collected 775 gold pieces.
You paid 385 gold pieces to Gozag.

Inventory:

Hand Weapons
 a - a +0 mace
 f - a +1 spear of freezing
 i - a +0 falchion
 j - a +0 hand axe
 o - a +1 vampiric dagger
 w - a +3 dagger of venom (weapon)
 B - a +2 short sword of speed
 J - a +0 flail of protection
 K - a +0 sling
 M - a +3 quarterstaff of chaos
Missiles
 n - 6 poisoned darts
 u - 42 stones
 y - 2 boomerangs (quivered)
 L - 2 javelins
Armour
 l - a +0 pair of gloves (worn)
 x - a +0 plate armour (worn)
 z - a +0 helmet (worn)
 E - a +0 pair of boots (worn)
 F - +0 steam dragon scales
 N - a +0 cloak of willpower (worn)
Jewellery
 k - a ring of flight
 r - a +6 ring of intelligence (right hand)
 A - an amulet of regeneration (around neck)
 D - a ring of protection from cold (left hand)
Wands
 p - a wand of iceblast (22)
 s - a wand of digging (4)
Scrolls
 e - a scroll of teleportation
 h - a scroll of noise
 v - a scroll of enchant armour {unknown}
 H - a scroll of amnesia
Potions
 b - a potion of degeneration
 g - 7 potions of brilliance
 m - a potion of curing
 q - a potion of mutation
 t - a potion of resistance
 G - a potion of heal wounds


   Skills:
 + Level 5.4 Fighting
 + Level 4.7 Short Blades
 + Level 4.7 Long Blades
 + Level 4.7 Axes
 + Level 8.1 Maces & Flails
 + Level 4.7 Polearms
 + Level 4.7 Staves
 + Level 4.7 Ranged Weapons
 + Level 4.7 Throwing
 + Level 4.7 Armour
 + Level 4.7 Dodging
 + Level 6.4 Stealth
 + Level 4.7 Shields
 + Level 8.1 Unarmed Combat
 + Level 4.7 Spellcasting
 + Level 3.9 Conjurations
 + Level 3.9 Hexes
 + Level 3.9 Summonings
 + Level 3.9 Necromancy
 + Level 3.9 Translocations
 + Level 3.9 Transmutations
 + Level 3.9 Fire Magic
 + Level 3.9 Ice Magic
 + Level 3.9 Air Magic
 + Level 3.9 Earth Magic
 + Level 3.9 Poison Magic
 + Level 5.2 Invocations
 + Level 5.4 Evocations


You had 17 spell levels left.
You didn't know any spells.
Your spell library contained the following spells:

 Spells                   Type           Power      Damage    Failure   Level
 Ensorcelled Hibernation  Hex/Ice        36%        N/A       98%         2
 Passwall                 Tmut/Erth      15%        N/A       98%         2
 Swiftness                Air            18%        N/A       100%        3


Dungeon Overview and Level Annotations

Branches:
Dungeon (7/15)             Temple (0/1) D:4

Altars:
Ashenzari
Cheibriados
Gozag
Vehumet

Annotations:
D:7 Duvessa


Innate Abilities, Weirdness & Mutations

You have very sharp teeth.
Your uncanny sense of smell can sniff out nearby items.
Your experience applies equally to all skills.


Message History

You closely miss Duvessa. Duvessa hits you but does no damage.
You completely miss Duvessa. Duvessa closely misses you.
You hit Duvessa.
Duvessa is poisoned.
Duvessa is lightly wounded.
Duvessa hits you with a +0 rapier!
You hit Duvessa.
Duvessa looks as sick as possible!
Duvessa is lightly wounded.
Duvessa hits you but does no damage.
You hit Duvessa.
Duvessa looks as sick as possible!
Duvessa is lightly wounded.
Duvessa hits you but does no damage. Duvessa hits you with a +0 rapier.
You completely miss Duvessa. You bite Duvessa, but do no damage.
Duvessa is moderately wounded.
Duvessa hits you with a +0 rapier!
You hit Duvessa but do no damage.
Duvessa is moderately wounded.
Duvessa hits you with a +0 rapier.
You hit Duvessa but do no damage.
Duvessa looks as sick as possible!
You bite Duvessa.
Duvessa is moderately wounded.
Duvessa hits you with a +0 rapier.
You hit Duvessa.
Duvessa looks as sick as possible!
Duvessa is moderately wounded.
Duvessa hits you with a +0 rapier!
You hit Duvessa but do no damage.
Duvessa looks as sick as possible!
You bite Duvessa, but do no damage.
Duvessa is moderately wounded.
Duvessa hits you but does no damage.
You hit Duvessa.
Duvessa looks as sick as possible!
You bite Duvessa, but do no damage.
Duvessa is heavily wounded.
Duvessa hits you with a +0 rapier.
* * * LOW HITPOINT WARNING * * *
Duvessa hits you with a +0 rapier!
* * * LOW HITPOINT WARNING * * *
You hit Duvessa.
Duvessa looks as sick as possible!
Duvessa is heavily wounded.
Duvessa hits you with a +0 rapier!
You die...
Your body crumbles into a pile of gold.

.. ... .. ... .# ...
.# ## #.# ##.###...
#.# #######...$....
$
#.###......e#.....#
####.##...####@...#
#.......#.......#.#
∆
#.##.##...####......
#.###.## #.......
#.# #.# #.##.##..
#.###.# #.. .# .
#.##.....# .#. #
#.....#..###.# # ∆
#####.#.....#


You could see Duvessa (berserk, extremely poisoned).

Vanquished Creatures
  Maggie (D:6)
  A hornet (D:7)
  Edmund (D:6)
  Menkaure (D:6)
  A water moccasin (D:6)
  A sky beast (D:6)
  An ice beast (D:5)
  A black bear (D:4)
  5 ogres
  A phantom (D:6)
  Blork the orc (D:4)
  3 necrophages
  5 scorpions
  Dowan (D:7)
  5 jellies
  3 hounds
  Crazy Yiuf (D:6)
  5 iguanas
  Ijyb (D:5)
  3 orc wizards
  3 gnolls (D:2)
  10 adders
  4 worms
  3 dart slugs
  14 orcs
  2 endoplasms
  4 giant cockroaches
  9 goblins
  8 hobgoblins
  2 jackals (D:3)
  4 quokkas
  7 ball pythons
  3 bats
  6 frilled lizards
  5 kobolds
  2 rats
128 creatures vanquished.

Notes
Turn   | Place    | Note
-------+----------+-------------------------------------------
     0 | D:1      | mtoz the Gnoll Wanderer began the quest for the Orb.
     0 | D:1      | mtoz set off with the following items: a +0 mace, a potion
                  | of heal wounds, a scroll of blinking, a +0 cloak, a scroll
                  | of teleportation, a +0 robe.
     0 | D:1      | Reached XP level 1. HP: 17/17 MP: 1/1
   177 | D:1      | Reached XP level 2. HP: 23/23 MP: 2/2
   747 | D:2      | Reached XP level 3. HP: 11/28 MP: 2/4
   992 | D:2      | Reached skill level 1 in Invocations
  1259 | D:2      | Reached skill level 1 in Short Blades
  1259 | D:2      | Reached skill level 1 in Long Blades
  1259 | D:2      | Reached skill level 1 in Axes
  1259 | D:2      | Reached skill level 1 in Polearms
  1259 | D:2      | Reached skill level 1 in Staves
  1259 | D:2      | Reached skill level 1 in Ranged Weapons
  1259 | D:2      | Reached skill level 1 in Throwing
  1259 | D:2      | Reached skill level 1 in Armour
  1259 | D:2      | Reached skill level 1 in Dodging
  1259 | D:2      | Reached skill level 1 in Shields
  1259 | D:2      | Reached skill level 1 in Spellcasting
  1376 | D:2      | Reached XP level 4. HP: 28/34 MP: 5/5
  1714 | D:2      | Reached skill level 1 in Conjurations
  1714 | D:2      | Reached skill level 1 in Hexes
  1714 | D:2      | Reached skill level 1 in Summonings
  1714 | D:2      | Reached skill level 1 in Necromancy
  1714 | D:2      | Reached skill level 1 in Translocations
  1714 | D:2      | Reached skill level 1 in Transmutations
  1714 | D:2      | Reached skill level 1 in Fire Magic
  1714 | D:2      | Reached skill level 1 in Ice Magic
  1714 | D:2      | Reached skill level 1 in Air Magic
  1714 | D:2      | Reached skill level 1 in Earth Magic
  1714 | D:2      | Reached skill level 1 in Poison Magic
  1847 | D:3      | Found a radiant altar of Vehumet.
  2142 | D:3      | Found an opulent altar of Gozag.
  2142 | D:3      | Found a snail-covered altar of Cheibriados.
  2222 | D:2      | Reached XP level 5. HP: 31/40 MP: 7/7
  2447 | D:3      | Became a worshipper of Gozag Ym Sagoz the Greedy
  2832 | D:4      | Reached XP level 6. HP: 28/47 MP: 8/8
  3534 | D:4      | Found a staircase to the Ecumenical Temple.
  3590 | D:4      | Noticed Blork the orc
  3607 | D:4      | Killed Blork the orc
  4207 | D:5      | Entered Level 5 of the Dungeon
  4233 | D:4      | Reached XP level 7. HP: 38/52 MP: 10/10
  4646 | D:5      | Noticed Ijyb
  4661 | D:5      | Killed Ijyb
  4662 | D:5      | Reached skill level 5 in Stealth
  4843 | D:5      | HP: 2/53 [acid (12)]
  4912 | D:4      | Reached XP level 8. HP: 49/60 MP: 12/12
  5423 | D:6      | Noticed Menkaure
  5429 | D:6      | Killed Menkaure
  5521 | D:6      | Reached XP level 9. HP: 66/66 MP: 14/14
  5655 | D:6      | Noticed Maggie
  5669 | D:6      | Killed Maggie
  5670 | D:6      | Reached skill level 5 in Fighting
  5670 | D:6      | Reached skill level 5 in Evocations
  5785 | D:6      | Found a broken altar of Ashenzari.
  6045 | D:6      | Noticed Edmund
  6065 | D:6      | Killed Edmund
  6350 | D:6      | Reached skill level 5 in Invocations
  6415 | D:6      | Found a runed translucent door.
  6416 | D:6      | Noticed Crazy Yiuf
  6590 | D:6      | Killed Crazy Yiuf
  6766 | D:7      | Noticed a hornet
  6768 | D:7      | Paralysed by a hornet for 3 turns
  6827 | D:7      | Killed a hornet
  6828 | D:7      | Noticed Duvessa
  6828 | D:7      | Noticed Dowan
  6831 | D:7      | Killed Dowan
  6845 | D:7      | Slain by Duvessa

Illustrated notes

Levels and vault maps discovered:
D:1:      lemuel_arrival_cross, layout_basic, minmay_misc_feat_pillars
D:2:      layout_rooms
D:3:      layout_rooms, mainiacjoe_overflow_catwalk,
          nicolae_overflow_two_pavilions
D:4:      layout_cave_pods, minmay_temple_entry_butterflies, enter_ossuary_5,
          grunt_decor_junction, uniq_blork_the_orc
D:5:      layout_basic, cheibrodos_sewer_entry_bend,
          minmay_misc_feat_more_columns, kennysheep_opposing_triangles,
          uniq_ijyb
D:6:      layout_gridville, nicolae_ashenzari_panopticon, uniq_edmund,
          uniq_maggie, uniq_crazy_yiuf_cottage, uniq_menkaure
D:7:      layout_loops_ring, uniq_duvessa

Skill      XL: |  1  2  3  4  5  6  7  8  9 |
---------------+----------------------------+-----
Invocations    | 1 2 3 4 5 |  5.2
Short Blades   | 1 2 3 4 |  4.7
Long Blades    | 1 2 3 4 |  4.7
Axes           | 1 2 3 4 |  4.7
Polearms       | 1 2 3 4 |  4.7
Staves         | 1 2 3 4 |  4.7
Ranged Weapons | 1 2 3 4 |  4.7
Throwing       | 1 2 3 4 |  4.7
Armour         | 1 2 3 4 |  4.7
Dodging        | 1 2 3 4 |  4.7
Shields        | 1 2 3 4 |  4.7
Spellcasting   | 1 2 3 4 |  4.7
Conjurations   | 1 2 3 |  3.9
Hexes          | 1 2 3 |  3.9
Summonings     | 1 2 3 |  3.9
Necromancy     | 1 2 3 |  3.9
Translocations | 1 2 3 |  3.9
Transmutations | 1 2 3 |  3.9
Fire Magic     | 1 2 3 |  3.9
Ice Magic      | 1 2 3 |  3.9
Air Magic      | 1 2 3 |  3.9
Earth Magic    | 1 2 3 |  3.9
Poison Magic   | 1 2 3 |  3.9
Fighting       | 3 4 5 |  5.4
Evocations     | 3 4 5 |  5.4
Maces & Flails | 7 8 |  8.1
Unarmed Combat | 7 8 |  8.1
Stealth        | 5 6 |  6.4

Action                   |  1- 3 |  4- 6 |  7- 9 || total
-------------------------+-------+-------+-------++-------
Melee: Mace              |    34 |     7 |       ||    41
       Bite              |     2 |    16 |    40 ||    58
       Punch             |     1 |     4 |    16 ||    21
       Dagger            |       |   122 |   256 ||   378
Throw: Stone             |    14 |       |       ||    14
       Dart              |     6 |     4 |       ||    10
       Boomerang         |    45 |    37 |    82 ||   164
       Throwing net      |       |       |     1 ||     1
Invok: Potion Petition   |       |       |     1 ||     1
Evoke: Wand              |       |       |     9 ||     9
  Use: Scroll            |     5 |     4 |     3 ||    12
       Potion            |       |       |     4 ||     4
 Stab: Sleeping          |     1 |       |       ||     1
       Distracted        |       |       |     1 ||     1
Armor: Robe              |     2 |       |       ||     2
       Plate armour      |       |   145 |   138 ||   283
       Chain mail        |       |     5 |       ||     5
Dodge: Dodged            |    22 |    31 |    43 ||    96
